 Dungeon Crawl Stone Soup version 0.30-b1-2-g02819fbbbe (webtiles) character file.

Game seed: 18192091955721353366

5252 manyhoops the Shield-Bearer (level 10, -1/77 HPs)
             Began as a Demigod Earth Elementalist on Nov 17, 2023.
             Slain by a vampire
             ... wielding a staff of earth
              (6 damage)
             ... on level 7 of the Dungeon.
             The game lasted 00:19:41 (9254 turns).

manyhoops the Shield-Bearer (DgEE)                  Turns: 9254, Time: 00:19:42

Health: -1/77      AC:  8    Str:  9    XL:     10   Next: 14%
Magic:  9/24       EV: 11    Int: 29    God:
Gold:   143        SH: 11    Dex: 18    Spells: 5/23 levels left

rFire   + + .        o - staff of earth
rCold   . . .        N - +0 buckler
rNeg    . . .        i - +0 leather armour of Vehumet's Grace {rF++ Will+ rCorr Dex+4}
rPois   +            z - +2 helmet
rElec   .            F - +1 cloak {rPois}
rCorr   +            (no gloves)
SInv    .            (no boots)
Will    ++...        A - amulet of reflection
Stlth   +++          (no ring)
HPRegen 0.32/turn    (no ring)
MPRegen 0.19/turn

%: reflection
@: about to teleport
A: high MP 1, forlorn, divine attributes
a: no special abilities


You were on level 7 of the Dungeon.
You visited 1 branch of the dungeon, and saw 8 of its levels.
You also visited: Ossuary.

You collected 591 gold pieces.
You spent 448 gold pieces at shops.

Inventory:

Hand Weapons
 j - the +6 shortbow "Icowno" {flame, Fragile rF++ rC+ rCorr}
   (You found it on level 6 of the Dungeon)

   rF:        It greatly protects you from fire.
   rC:        It protects you from cold.
   rCorr:     It protects you from acid and corrosion.
   Fragile:   It will be destroyed if unequipped.
 G - a +0 hammer of protection
Missiles
 J - a throwing net
Armour
 i - the +0 leather armour of Vehumet's Grace (worn) {rF++ Will+ rCorr Dex+4}
   (You found it on level 2 of the Dungeon)

   Dex:       It affects your dexterity (+4).
   rF:        It greatly protects you from fire.
   rCorr:     It protects you from acid and corrosion.
   Will:      It increases your willpower.
 z - a +2 helmet (worn)
 F - a +1 cloak of poison resistance (worn)
 M - a +2 kite shield of reflection
 N - a +0 buckler (worn)
Magical Staves
 o - a staff of earth (weapon)
Jewellery
 c - a ring of fire
 A - an amulet of reflection (around neck)
 K - a ring of flight
Wands
 p - a wand of charming (13)
 r - a wand of flame (26)
 t - a wand of light (8)
 D - a wand of iceblast (9)
Scrolls
 a - 3 scrolls of vulnerability
 m - a scroll of blinking
 q - 2 scrolls of teleportation
 s - a scroll of butterflies
 v - a scroll of torment
 w - a scroll of magic mapping
 x - 2 scrolls of fear {unknown}
 y - a scroll of immolation
 C - 5 scrolls of identify
 E - 2 scrolls of poison
 H - a scroll of enchant weapon
 I - a scroll of brand weapon {unknown}
Potions
 b - 2 potions of magic
 d - 2 potions of lignification
 e - 8 potions of curing
 f - a potion of heal wounds
 g - a potion of mutation
 h - 2 potions of brilliance
 k - a potion of resistance
 l - a potion of invisibility
 n - 2 potions of might
 u - a potion of flight
 B - a potion of cancellation
Miscellaneous
 L - a phial of floods


   Skills:
 - Level 3.0 Fighting
 - Level 1.7 Dodging
 - Level 5.3 Stealth
 - Level 7.6 Shields
 - Level 7.0 Spellcasting
 * Level 3.4 Conjurations
 - Level 0.8 Transmutations
 + Level 6.8 Earth Magic


You had 5 spell levels left.
You knew the following spells:

 Your Spells              Type           Power      Damage    Failure   Level
a - Sandblast             Erth           100%       2d20      1%          1
b - Passwall              Tmut/Erth      40%        N/A       3%          2
c - Stone Arrow           Conj/Erth      100%       3d13      3%          3
d - Petrify               Tmut/Erth      48%        N/A       21%         4
e - Blink                 Tloc           20%        N/A       14%         2
f - Iron Shot             Conj/Erth      28%        9d6       87%         6

Your spell library contained the following spells:

 Spells                   Type           Power      Damage    Failure   Level
 Kiss of Death            Conj/Necr      80%        2d11      4%          1
 Confusing Touch          Hex            10%        N/A       28%         3
 Iskenderun's Battlesphe  Conj           30%        2d8       54%         5
 Dispel Undead            Necr           10%        3d9       67%         4
 Manifold Assault         Tloc           10%        N/A       67%         4
 Spellforged Servitor     Conj/Summ      10%        N/A       100%        7
 Storm Form               Tmut/Air       6%         N/A       100%        7


Dungeon Overview and Level Annotations

Branches:
Dungeon (8/15)             Temple (0/1) D:4            Lair (0/5) D:8
Ossuary (visited)

Shops:
D:2 (   D:4 :![(!   D:6 [   D:8 (


Innate Abilities, Weirdness & Mutations

You have an increased reservoir of magic. (+10% MP)
You shall have no god before yourself.
Your divine heritage dramatically boosts your attributes as you level up.


Message History

You feel a surge of power!
Something blocks the stone arrow.
Something draws life force from you!
Unknown command.
Casting: Stone Arrow (dangerous; 3% risk of failure)
Confirm with . or Enter, or press ? or * to list all spells.
Aiming: Stone Arrow (dangerous; 3% risk of failure)
Press: ? - help, Shift-Dir - straight line You feel a surge of power!
The stone arrow hits something!
Unknown command.
Casting: Stone Arrow (dangerous; 3% risk of failure)
Confirm with . or Enter, or press ? or * to list all spells.
Aiming: Stone Arrow (dangerous; 3% risk of failure)
Press: ? - help, Shift-Dir - straight line You feel a surge of power!
The stone arrow hits something!
Something hits you but does no damage. Something bites you.
Something draws strength from your injuries!
Casting: Stone Arrow (dangerous; 3% risk of failure)
Confirm with . or Enter, or press ? or * to list all spells.
Aiming: Stone Arrow (dangerous; 3% risk of failure)
Press: ? - help, Shift-Dir - straight line You feel a surge of power!
The stone arrow hits something.
You block something's attack. Something bites you.
Something draws strength from your injuries!
Unknown command.
Casting: Stone Arrow (dangerous; 3% risk of failure)
Confirm with . or Enter, or press ? or * to list all spells.
You don't know that spell.
Sorry, you're not good enough to have a special ability.
You barely miss something. Something hits you! Something shatters you.
Something bites you!
* * * LOW HITPOINT WARNING * * *
Something draws strength from your injuries!
Casting: Stone Arrow (dangerous; 3% risk of failure)
Confirm with . or Enter, or press ? or * to list all spells.
Okay, then.
As you read the scroll of teleportation, it crumbles to dust.
You feel strangely unstable. Something hits you!
* * * LOW HITPOINT WARNING * * *
Something bites you.
You die...

#####'#####+###...# #.......#....
..#..##.#...###...# #.......#....
#.#.##..#..#..#...# #.......#....
..'.#[#['##)##'...# #............
###..##.#..#..#...# ###....##....
.)#.##..###...#...# #....##....
#####'#####'###...# #..........
(.##.#.##.)...#.{.# #..........
#.#.#.#.#.)...#.@.# #..........
#.'#.#.#'.....'...# #..........
###.#[#.#.....#...# #..........
..##.#.##.....#...## #..........
#####'#####'###....####....).....
..#..##.#.....#.#.......##..#####
#.#..#.##.....#.#.#..##.##.)#
#.'##.##'.....'.#.#......#.)###
#.##.#..#.....#.#.#.###..#....#


There were no monsters in sight!

Vanquished Creatures
  Grinder (D:3)
  A wyvern (D:7)
  2 shadows
  A steam dragon (D:7)
  Menkaure (D:4)
  2 water moccasins (D:7)
  Duvessa (D:4)
  A black bear (D:6)
  4 orc warriors (D:7)
  3 sky beasts
  An ice beast (D:5)
  The ghost of kolakolka the Covered, an amateur AtFi (D:3)
  3 ogres
  2 centaurs
  A phantom (D:6)
  2 kobold brigands
  4 bullfrogs
  4 elf zombies (Ossuary)
  4 gnoll sergeants
  A scorpion (D:7)
  A wight (D:7)
  Dowan (D:4)
  A howler monkey (D:5)
  7 crimson imps (D:7)
  A centaur zombie (Ossuary)
  7 hounds
  A jelly (D:6)
  Crazy Yiuf (D:5)
  3 orc priests
  2 gnoll boudas
  3 sleepcaps
  Jessica (D:3)
  Ijyb (D:3)
  An iguana (D:7)
  8 orc wizards
  3 hound zombies (Ossuary)
  3 mummies (Ossuary)
  20 gnolls
  7 adders
  A shadow imp (D:7)
  3 white imps
  An ufetubus (D:5)
  2 adder zombies (Ossuary)
  2 worms
  4 dart slugs
  20 orcs
  11 ball pythons
  6 bats
  3 endoplasms (D:3)
  5 giant cockroaches
  A gnoll zombie (Ossuary)
  3 goblins
  17 hobgoblins
  6 jackals (D:2)
  5 quokkas
  4 frilled lizards (D:3)
  3 goblin zombies (Ossuary)
  4 hobgoblin zombies (Ossuary)
  4 jackal zombies (Ossuary)
  16 kobolds
  5 kobold zombies (Ossuary)
  An orc zombie (Ossuary)
  4 quokka zombies (Ossuary)
  5 rats
  4 rat zombies (Ossuary)
252 creatures vanquished.

Vanquished Creatures (others)
  31 plants (D:6)
31 creatures vanquished.

Grand Total: 283 creatures vanquished

Notes
Turn   | Place    | Note
-------+----------+-------------------------------------------
     0 | D:1      | manyhoops the Demigod Earth Elementalist began the quest
                  | for the Orb.
     0 | D:1      | Reached XP level 1. HP: 14/14 MP: 5/5
   288 | D:1      | Reached XP level 2. HP: 11/20 MP: 1/7
   472 | D:1      | You fall into a shaft and drop 1 floor!
   554 | D:2      | Found Noasu's Antique Weapon Boutique.
   556 | D:2      | Identified the +0 leather armour of Vehumet's Grace {rF++
                  | Will+ rCorr Dex+4}
   613 | D:2      | Reached XP level 3. HP: 26/26 MP: 2/9
   646 | D:2      | Learned a level 2 spell: Passwall
   650 | D:2      | Learned a level 3 spell: Stone Arrow
  1880 | D:3      | Reached XP level 4. HP: 29/33 MP: 7/10
  1980 | D:3      | Noticed Grinder
  2082 | D:3      | Noticed Jessica
  2086 | D:3      | Killed Jessica
  2087 | D:3      | Reached skill level 1 in Conjurations
  2213 | D:3      | Killed Grinder
  2214 | D:3      | Reached skill level 5 in Earth Magic
  2214 | D:3      | Reached XP level 5. HP: 38/38 MP: 3/11
  2393 | D:3      | Noticed Ijyb
  2397 | D:3      | Killed Ijyb
  2398 | D:3      | Reached XP level 6. HP: 45/45 MP: 8/12
  2443 | D:3      | Found a runed translucent door.
  2549 | D:3      | Noticed kolakolka's ghost (amateur AtFi)
  2877 | D:3      | Killed kolakolka's ghost
  3276 | D:4      | Found Muytseak's Distillery.
  3279 | D:4      | Found a sand-covered staircase.
  3285 | Ossuary  | Entered an ossuary
  3417 | Ossuary  | Reached XP level 7. HP: 45/50 MP: 9/14
  3755 | Ossuary  | Reached skill level 5 in Stealth
  3964 | D:4      | Bought a potion of curing for 42 gold pieces
  3964 | D:4      | Bought 2 potions of curing for 84 gold pieces
  3964 | D:4      | Bought a potion of magic for 112 gold pieces
  3995 | D:4      | Found a staircase to the Ecumenical Temple.
  4002 | D:4      | Noticed Menkaure
  4010 | D:4      | Killed Menkaure
  4011 | D:4      | Reached skill level 1 in Fighting
  4139 | D:4      | Found Haseifa's Antique Weapon Shop.
  4295 | D:4      | Found Obbikiocor's Antique Armour Shoppe.
  4603 | D:4      | Noticed Dowan
  4606 | D:4      | Noticed Duvessa
  4607 | D:4      | Killed Dowan
  4612 | D:4      | Killed Duvessa
  4613 | D:4      | Reached XP level 8. HP: 61/61 MP: 5/17
  4705 | D:4      | Found Vutwuz's Distillery.
  4893 | D:4      | Found Bibrir's Book Boutique.
  5055 | D:5      | Entered Level 5 of the Dungeon
  5280 | D:5      | Found a runed translucent door.
  5281 | D:5      | Noticed Crazy Yiuf
  5441 | D:5      | Reached skill level 1 in Shields
  5767 | D:5      | Killed Crazy Yiuf
  6057 | D:6      | Identified the +6 shortbow "Icowno" {flame, Fragile rF++
                  | rC+ rCorr}
  6668 | D:6      | Reached skill level 5 in Shields
  6668 | D:6      | Reached XP level 9. HP: 69/69 MP: 17/20
  6673 | D:6      | Learned a level 4 spell: Petrify
  6680 | D:6      | Learned a level 2 spell: Blink
  6941 | D:6      | Found Giazisoi's Antique Armour Emporium.
  7463 | D:7      | Identified the staff of earth "Soble" {rN+ Str-4 Int+3
                  | Dex+2}
  7466 | D:7      | Reached skill level 5 in Spellcasting
  7525 | D:7      | Identified the +2 leather armour of the Swan {Rampage *Slow
                  | rN+ Dex+3}
  8274 | D:7      | Identified the +0 helmet of Sif Muna's Grace {*Corrode rF+
                  | Will+ Dex+3}
  8325 | D:7      | Reached XP level 10. HP: 77/77 MP: 22/24
  8780 | D:6      | Bought a runed kite shield for 210 gold pieces
  8833 | D:8      | Found Izakh's Antique Weapon Boutique.
  8962 | D:8      | Found a staircase to the Lair.
  9235 | D:7      | Learned a level 6 spell: Iron Shot
  9254 | D:7      | Slain by a vampire

Illustrated notes

Levels and vault maps discovered:
D:1:      dpeg_arrival_pond, layout_loops_ring
D:2:      layout_basic, serial_shops, nicolae_shop_tiny_glass, hex_medium,
          grunt_ministairs_5, st_stairs_14
D:3:      layout_loops_ring, ebering_ghost_sewer_d, grunt_ministairs_8,
          kennysheep_boxes, uniq_ijyb, uniq_grinder, uniq_jessica
D:4:      layout_basic, minmay_temple_entry_large_hall, serial_shops, shop,
          nicolae_diamond_shop, nicolae_square_shop,
          nicolae_shop_industrial_runoff, nicolae_take_the_stairs,
          nicolae_ossuary_entry_plus, uniq_menkaure, uniq_duvessa
D:5:      layout_basic, kennysheep_mini_moat, st_stairs_3,
          uniq_crazy_yiuf_cottage
D:6:      kennysheep_housing_project, layout_rooms, serial_shops,
          nicolae_shop_hallway_stairs
D:7:      minmay_the_grid_square_5x5_3x3 [minmay_the_grid_square_5x5_longway,
          minmay_the_grid_square_5x5_forky, minmay_the_grid_square_5x5_two,
          minmay_the_grid_square_5x5_percent,
          minmay_the_grid_square_5x5_megaprize_checkered,
          minmay_the_grid_square_5x5_n, minmay_the_grid_square_5x5_empty,
          minmay_the_grid_square_5x5_dogpile,
          minmay_the_grid_square_5x5_doubleslash], layout_basic,
          minmay_nine_imps
D:8:      layout_rooms, nicolae_qazlal_scattered_showers, dpeg_oklobed_lair,
          serial_corexii_hall, chequers_hall_statues_corner_a,
          chequers_hall_statues_corner_a, serial_shops, nicolae_stop_n_shop_2,
          kb_rosetta

Skill      XL: |  1  2  3  4  5  6  7  8  9 10 |
---------------+-------------------------------+-----
Earth Magic    | 3 5 6 |  6.8
Spellcasting   | 2 3 4 6 7 |  7.0
Conjurations   | 2 3 |  3.4
Stealth        | 3 5 |  5.3
Fighting       | 2 3 |  3.0
Shields        | 5 7 |  7.6
Dodging        | |  1.7
Transmutations | |  0.8

Action                     |  1- 3 |  4- 6 |  7- 9 | 10-12 || total
---------------------------+-------+-------+-------+-------++-------
  Melee: Unarmed           |     1 |       |       |       ||     1
         Short sword       |    39 |     9 |       |       ||    48
         Club              |       |     1 |       |       ||     1
         Staff             |       |     4 |    14 |     1 ||    19
   Cast: Sandblast         |    54 |    47 |   260 |    35 ||   396
         Stone Arrow       |       |     4 |     5 |     6 ||    15
    Use: Scroll            |     3 |     1 |     9 |     1 ||    14
         Potion            |     1 |       |     6 |       ||     7
   Stab: Sleeping          |     5 |     3 |     1 |       ||     9
 Armour: Robe              |     5 |       |       |       ||     5
         Leather armour    |    14 |    11 |    41 |     3 ||    69
  Dodge: Dodged            |    52 |    26 |    81 |     5 ||   164
  Block: Buckler           |       |       |    49 |     7 ||    56
         Reflection        |       |       |     3 |     3 ||     6
         Kite shield       |       |       |       |    11 ||    11
